 Dungeon Crawl Stone Soup version 0.31.0-32-g396128a36d (webtiles) character file.

Game seed: 12043413402761643774

47 PaiMei the Grave Robber (level 3, 0/24 HPs)
             Began as a Demonspawn Necromancer on Apr 11, 2024.
             Slain by an adder (1 damage)
             ... on level 2 of the Dungeon.
             The game lasted 00:02:01 (1586 turns).

PaiMei the Grave Robber (Demonspawn Necromancer)    Turns: 1586, Time: 00:02:02

Health: 0/24       AC:  4    Str:  8    XL:     3   Next: 48%
Magic:  0/6        EV: 12    Int: 17    God:
Gold:   66         SH:  0    Dex: 13    Spells: 5/6 levels left

rFire   . . .        i - +2 dagger (venom)
rCold   . . .        (no shield)
rNeg    . . .        a - +0 robe
rPois   .            (no helmet)
rElec   .            f - +0 cloak
rCorr   .            (no gloves)
SInv    .            p - +0 pair of boots
Will    .....        (no amulet)
Stlth   ++           (no ring)
HPRegen 0.24/turn    (no ring)
MPRegen 0.10/turn

%: no passive effects
@: lethally poisoned (0 -> -3)
A: powered by death 1
a: no special abilities


You were on level 2 of the Dungeon.
You visited 1 branch of the dungeon, and saw 2 of its levels.

You collected 66 gold pieces.

Inventory:

Hand Weapons
 i - a +2 dagger of venom (weapon)
Missiles
 o - 3 poisoned darts (quivered)
Armour
 a - a +0 robe (worn)
 f - a +0 cloak (worn)
 p - a +0 pair of boots (worn)
Scrolls
 e - a scroll of butterflies {unknown}
 h - a scroll of fear {unknown}
 l - 2 scrolls of immolation {unknown}
Potions
 b - a potion of magic
 c - a potion of attraction {unknown}
 d - 2 potions of heal wounds {unknown}
 g - 2 potions of mutation {unknown}
 j - a potion of invisibility {unknown}
 k - a potion of degeneration {unknown}
 m - 2 potions of might {unknown}
 n - a potion of enlightenment {unknown}


   Skills:
 + Level 2.3 Dodging
 + Level 2.4 Stealth
 + Level 2.4 Spellcasting
 + Level 4.7 Necromancy


You had 5 spell levels left.
You knew the following spells:

 Your Spells              Type           Power      Damage    Failure   Level
a - Necrotise             Necr           72%        1d7       2%          1

Your spell library contained the following spells:

 Spells                   Type           Power      Damage    Failure   Level
 Vampiric Draining        Necr           18%        2d7       8%          3
 Animate Dead             Necr           18%        N/A       26%         4
 Curse of Agony           Necr           18%        N/A       58%         5


Dungeon Overview and Level Annotations

Branches:
Dungeon (2/15)

Altars:


Innate Abilities, Weirdness & Mutations

You regenerate a little health from kills.


Message History

The adder bites you but does no damage.
Casting: Necrotise (safe; 2% risk of failure)
Confirm with . or Enter, or press ? or * to list all spells.
Aiming: Necrotise (safe; 2% risk of failure)
Press: ? - help, Shift-Dir - straight line, f - adder
Aim: an adder (chance to affect: 83%)
The adder writhes in agony.
You feel sick. The adder closely misses you.
The endoplasm hits you but does no damage.
You hit the endoplasm.
The endoplasm is moderately wounded.
You feel sick.
You are no longer poisoned.
The adder completely misses you. The adder bites you but does no damage.
The endoplasm closely misses you.
Casting: Necrotise (safe; 2% risk of failure)
Confirm with . or Enter, or press ? or * to list all spells.
You don't have enough magic to cast this spell.
You miss the adder.
The adder is heavily wounded.
The adder barely misses you. The endoplasm freezes you.
You are frozen.
* * * LOW HITPOINT WARNING * * *
Casting: Necrotise (safe; 2% risk of failure)
Confirm with . or Enter, or press ? or * to list all spells.
You don't have enough magic to cast this spell.
You closely miss the adder.
The adder is heavily wounded.
The adder bites you.
* * * LOW HITPOINT WARNING * * *
You are poisoned.
The adder poisons you! The endoplasm freezes you.
You are frozen.
* * * LOW HITPOINT WARNING * * *
You barely miss the adder.
The adder is heavily wounded.
* * * LOW HITPOINT WARNING * * *
You feel sick. The adder bites you.
You die...

#.. ##.#######
##........# #.....# #.#
#...#.# #.# #.####..#..#
#.# #......###.# #.#
...#$########..#..###.#
#....JS@JS......#...<.#
.....†####.###.######.##
#.##. #.##........... #
#J##.........## #.##
#######.# #.# #.# ...
#.# #.# #.# #.# #.#


You could see 2 adders and 2 endoplasms.

Vanquished Creatures
  An adder (D:2)
  A dart slug (D:1)
  3 endoplasms
  5 hobgoblins (D:1)
  2 jackals (D:1)
  A quokka (D:1)
  5 ball pythons
  2 bats (D:1)
  3 frilled lizards (D:1)
  3 goblins (D:1)
  4 kobolds (D:1)
  3 rats (D:1)
33 creatures vanquished.

Vanquished Creatures (collateral kills)
  A hobgoblin (D:1)
1 creature vanquished.

Grand Total: 34 creatures vanquished

Notes
Turn   | Place    | Note
-------+----------+-------------------------------------------
     0 | D:1      | PaiMei the Demonspawn Necromancer began the quest for the
                  | Orb.
     0 | D:1      | Reached XP level 1. HP: 13/13 MP: 3/3
   407 | D:1      | Gained mutation: You regenerate a little health from kills.
                  | [demonic ancestry]
   407 | D:1      | Reached XP level 2. HP: 19/19 MP: 0/5
  1069 | D:1      | Reached XP level 3. HP: 24/24 MP: 0/6
  1586 | D:2      | HP: 1/24 [poisoned by an adder]
  1586 | D:2      | Slain by an adder

Illustrated notes

Levels and vault maps discovered:
D:1:      erik_arrival_cave_to_civilisation [erik_arrival_cave_to_hall],
          layout_loops_ring, minmay_hexomino_r4
D:2:      layout_loops_ring

Skill      XL: |  1 |
---------------+----+-----
Stealth        | 2 |  2.4
Dodging        | 2 |  2.3
Spellcasting   | |  2.4
Necromancy     | |  4.7

Action                     || total
---------------------------++-------
  Melee: Unarmed           ||    35
         Dagger            ||    24
         Punch             ||     1
   Cast: Necrotise         ||    43
   Stab: Distracted        ||     1
 Armour: Robe              ||    51
  Dodge: Dodged            ||    47
